 Dungeon Crawl Stone Soup version 0.30-a0-883-g5ad918d77d (webtiles) character file.

Game seed: 11481565900693032937

298 112233 the Magician (level 6, 0/32 HPs)
             Began as a Deep Elf Fire Elementalist on Mar 17, 2023.
             Was an Initiate of Vehumet.
             Slain by a wraith (13 damage)
             ... on level 6 of the Dungeon.
             The game lasted 00:02:49 (4007 turns).

112233 the Magician (Deep Elf Fire Elementalist)    Turns: 4007, Time: 00:02:50

Health: 0/32       AC:  4    Str:  5    XL:     6   Next: 13%
Magic:  7/15       EV: 13    Int: 26    God:    Vehumet [......]
Gold:   204        SH:  0    Dex: 15    Spells: 11/14 levels left

rFire   . . .      SeeInvis .    t - +2 dagger "Seqay" {flame, Int+4}
rCold   . . .      Faith    .    (no shield)
rNeg    . . .      Spirit   .    a - +0 robe
rPois   .          Reflect  .    (no helmet)
rElec   .          Rampage  .    (no cloak)
rCorr   .                        l - +0 pair of gloves
Will    .....                    n - +0 pair of boots
Stlth   +++                      (no amulet)
HPRegen 0.25/turn                (no ring)
MPRegen 0.14/turn                (no ring)

@: slowed, very slow
A: no striking features
a: Renounce Religion


You were on level 6 of the Dungeon.
You worshipped Vehumet.
Vehumet was noncommittal.
You visited 2 branches of the dungeon, and saw 7 of its levels.

You collected 204 gold pieces.

Inventory:

Hand Weapons
 t - the +2 dagger "Seqay" (weapon) {flame, Int+4}
   (You found it on level 4 of the Dungeon)

   Int:       It affects your intelligence (+4).
Armour
 a - a +0 robe (worn)
 l - a +0 pair of gloves (worn)
 n - a +0 pair of boots (worn)
Wands
 s - a wand of charming (10)
Scrolls
 c - a scroll of summoning {unknown}
 g - a scroll of amnesia {unknown}
 h - 6 scrolls of identify {unknown}
 j - a scroll of magic mapping {unknown}
 k - a scroll of fog {unknown}
 o - a scroll of noise {unknown}
 q - 2 scrolls of enchant weapon {unknown}
 r - a scroll of teleportation {unknown}
 u - a scroll of fear {unknown}
 v - a scroll of poison {unknown}
Potions
 b - 2 potions of magic
 d - 2 potions of invisibility {unknown}
 e - 3 potions of mutation {unknown}
 f - a potion of degeneration {unknown}
 i - 2 potions of heal wounds {unknown}
 m - a potion of flight {unknown}
 p - a potion of lignification {unknown}


   Skills:
 + Level 4.1 Dodging
 + Level 4.3 Stealth
 + Level 4.7 Spellcasting
 + Level 3.0 Conjurations
 + Level 4.4 Fire Magic


You had 11 spell levels left.
You knew the following spells:

 Your Spells              Type           Power      Damage    Failure   Level
a - Foxfire               Conj/Fire      100%       2x1d9     1%          1
b - Scorch                Fire           58%        2d7       1%          2

Your spell library contained the following spells:

 Spells                   Type           Power      Damage    Failure   Level
 Freeze                   Ice            24%        1d4       8%          1
 Inner Flame              Hex/Fire       17%        N/A       10%         3
 Hailstorm                Conj/Ice       14%        3d5       13%         3
 Kindle Blastsparks       Fire/Tloc/Air  26%        2d12      13%         3
 Flame Wave               Conj/Fire      25%        2d8       17%         4
 Frozen Ramparts          Ice            12%        1d2       24%         3


Dungeon Overview and Level Annotations

Branches:
Dungeon (6/15)             Temple (1/1) D:6

Altars:
Ashenzari
Cheibriados
Elyvilon
Gozag
Hepliaklqana
Kikubaaqudgha
Makhleb
Nemelex Xobeh
Ru
Trog
Uskayaw
Vehumet
Wu Jian
Xom
Yredelemnul
Zin

Shops:
D:6 (


Message History

The adder is lightly wounded.
The adder hisses angrily.
The foxfire hits the adder.
The adder is moderately wounded.
The foxfire hits the adder!
The adder is almost dead.
Casting: Foxfire (safe; 1% risk of failure)
Confirm with . or Enter, or press ? or * to list all spells.
You conjure some foxfire!
Your foxfire dissipates!
The foxfire hits the adder!
You kill the adder!
Vehumet accepts your kill.
The foxfire hits the wraith but does no damage.
Unknown command.
Casting: Foxfire (safe; 1% risk of failure)
Confirm with . or Enter, or press ? or * to list all spells.
Flames lash the wraith.
The wraith is moderately damaged.
The wraith's fire resistance burns away.
The wraith hits you. The wraith drains your vigour!
You feel yourself slow down. The wraith closely misses you.
The wraith hits you. The wraith drains your vigour!
You feel as though you will be slow longer.
Casting: Scorch (safe; 1% risk of failure)
Confirm with . or Enter, or press ? or * to list all spells.
Flames lash the wraith.
The wraith is moderately damaged.
The wraith hits you! The wraith hits you. The wraith drains your vigour!
You feel as though you will be slow longer.
The wraith hits you. The wraith drains your vigour!
You feel as though you will be slow longer.
Unknown command.
Casting: Scorch (safe; 1% risk of failure)
Confirm with . or Enter, or press ? or * to list all spells.
Flames lash the wraith but do no damage.
The wraith hits you!
You die...

#......#######'#..
#......#.......#..
#......#.......'..
#......#.####..#..
##+#####.....##### ####..
.......#.....#...# #.<
.......#.....#...# #..
.......'.....#...# #..
########@....#'########..
......W.................
..(.....................
........................
........................
.....#########......####
..... #......#... .....
#......+... #......####


You could see a wraith (combustible).

Vanquished Creatures
  A phantom (D:6)
  A bullfrog (D:6)
  A sleepcap (D:6)
  An iguana (D:6)
  4 adders
  An ufetubus (D:5)
  3 worms (D:2)
  A dart slug (D:2)
  5 orcs
  5 ball pythons
  3 bats
  4 endoplasms
  4 giant cockroaches
  2 goblins
  2 hobgoblins
  2 kobolds (D:1)
  5 quokkas
  3 frilled lizards
  2 rats
50 creatures vanquished.

Vanquished Creatures (others)
  A kobold (D:3)
  238 foxfires
  6 plants (D:6)
245 creatures vanquished.

Grand Total: 295 creatures vanquished

Notes
Turn   | Place    | Note
-------+----------+-------------------------------------------
     0 | D:1      | 112233 the Deep Elf Fire Elementalist began the quest for
                  | the Orb.
     0 | D:1      | Reached XP level 1. HP: 10/10 MP: 6/6
   269 | D:1      | Reached XP level 2. HP: 15/15 MP: 6/8
  1103 | D:2      | Found a faded altar of an unknown god.
  1291 | D:2      | Reached XP level 3. HP: 19/19 MP: 6/9
  2182 | D:3      | Found an ancient bone altar of Kikubaaqudgha.
  2702 | D:3      | Found a shimmering altar of Xom.
  2745 | D:3      | Noticed a scorpion
  2842 | D:4      | Learned a level 2 spell: Scorch
  2989 | D:4      | Reached XP level 4. HP: 24/24 MP: 8/11
  3017 | D:4      | Identified the +2 dagger "Seqay" {flame, Int+4}
  3130 | D:4      | Noticed an ogre
  3273 | D:5      | Entered Level 5 of the Dungeon
  3424 | D:5      | Noticed a centaur
  3426 | D:5      | Noticed a scorpion
  3489 | D:6      | Noticed a phantom
  3497 | D:6      | Killed a phantom
  3498 | D:6      | Reached XP level 5. HP: 28/28 MP: 8/13
  3556 | D:6      | Found a staircase to the Ecumenical Temple.
  3568 | Temple   | Entered the Ecumenical Temple
  3617 | Temple   | Became a worshipper of Vehumet
  3815 | D:6      | Reached XP level 6. HP: 32/32 MP: 10/15
  3905 | D:6      | Found Cein's Antique Weapon Emporium.
  3996 | D:6      | Noticed a wraith
  4007 | D:6      | Slain by a wraith

Illustrated notes

Levels and vault maps discovered:
D:1:      enne_arrival_octagon_isle, layout_loops_ring
D:2:      layout_loops_ring, ebering_ecumenical_altar_petrified
D:3:      mumra_celtic_spiral_tile, layout_loops_ring,
          nicolae_kikubaaqudgha_miasma_corner, mainiacjoe_overflow_alcove_4
D:4:      layout_cave_pools, kennysheep_mini, serial_column_ruins,
          column_ruins_circle_small, column_ruins_open_small,
          column_ruins_columns_corner, column_ruins_open_medium,
          column_ruins_open_tiny, column_ruins_columns_T,
          column_ruins_open_tiny, grunt_ministairs_5, small_statue_alley_b,
          minmay_ogre_servants
D:5:      layout_basic, columned_hall_lemuel
D:6:      layout_gridville, minmay_temple_entry_gardened_gates, serial_shops,
          shop
Temple:   nicolae_temple_bog_church

Skill      XL: |  1  2  3  4  5 |
---------------+----------------+-----
Stealth        | 3 4 |  4.3
Dodging        | 3 4 |  4.1
Conjurations   | 2 3 |  3.0
Spellcasting   | 4 |  4.7
Fire Magic     | 4 |  4.4

Action                     |  1- 3 |  4- 6 || total
---------------------------+-------+-------++-------
  Melee: Unarmed           |       |     1 ||     1
   Cast: Foxfire           |   104 |    40 ||   144
         Scorch            |       |     5 ||     5
 Armour: Robe              |     5 |     3 ||     8
  Dodge: Dodged            |    14 |     9 ||    23

Table legend: (Time is in decaauts)
 A = Elapsed time spent in this place.
 B = Non-inter-level travel time spent in this place.
 C = Inter-level travel time spent in this place.
 D = Time resting spent in this place.
 E = Time spent auto-exploring this place.
 F = Levels seen in this place.
 G = Mean time per level.
                   A        B        C        D        E       F      G
               +--------+--------+--------+--------+--------+-----+--------+
         Total |   4009 |   3900 |    109 |    521 |   2827 |   7 |  572.7 |
       Dungeon |   3945 |   3848 |     97 |    521 |   2791 |   6 |  657.5 |
        Temple |     63 |     51 |     12 |      0 |     36 |   1 |   63.0 |
               +--------+--------+--------+--------+--------+-----+--------+

Top non-repeatable levels by time:
     D:2: 1165 daAuts
     D:1: 867 daAuts
     D:3: 744 daAuts
     D:6: 517 daAuts
     D:4: 494 daAuts
     D:5: 155 daAuts
  Temple: 63 daAuts
